 Dungeon Crawl Stone Soup version 0.21-a0-405-gf2af9a1 (webtiles) character file.

34684 CanOfBees the Warrior (level 13, -15/195 HPs)
             Began as a Minotaur Fighter on Nov 1, 2017.
             Was a High Priest of Wu Jian.
             Demolished by a freezing wraith (23 damage)
             ... in an ice cave on Nov 2, 2017.
             The game lasted 01:05:25 (25511 turns).

CanOfBees the Warrior (Minotaur Fighter)           Turns: 25511, Time: 01:05:26

Health: -15/195    AC: 26    Str: 23    XL:     13   Next: 43%
Magic:  15/15      EV:  2    Int:  3    God:    Wu Jian [*****.]
Gold:   1062       SH:  0    Dex: 13    Spells: 12/12 levels left

rFire    . . .     SeeInvis .   N - +2 glaive
rCold    . . .     Gourm    .   (shield currently unavailable)
rNeg     + + +     Faith    +   (armour currently unavailable)
rPois    +         Spirit   .   (helmet currently unavailable)
rElec    .         Reflect  .   (cloak currently unavailable)
rCorr    +         Harm     .   (gloves currently unavailable)
MR       .....     Clarity  +   (boots currently unavailable) Stlth +.........NoTele +
                                H - amulet of faith
HPRegen  0.42/turn              d - ring of resist corrosion
MPRegen  0.14/turn              (no ring)

@: tree-form, very slightly contaminated, hasted and slowed
A: (retaliatory headbutt), clarity, dopey 1
a: Serpent's Lash, Heavenly Storm, Renounce Religion


You were in an ice cave.
You worshipped Wu Jian.
Wu Jian was extremely pleased with you.
You were not hungry.
You were a tree.
You visited 3 branches of the dungeon, and saw 16 of its levels.
You also visited: Labyrinth, Ossuary and Ice Cave.

You collected 1181 gold pieces.
You spent 119 gold pieces at shops.

Inventory:

Hand Weapons
 D - a +0 blowgun
 N - a +2 glaive (weapon)
 V - a +2 trident of piercing
Missiles
 m - 55 poisoned needles
 o - 3 needles of frenzy
 y - 16 tomahawks (quivered)
 T - 5 curare-tipped needles
Armour
 l - a +0 pair of gloves (melded)
 r - a +3 chain mail (melded)
Jewellery
 d - a ring of resist corrosion (left branch)
 H - an amulet of faith (around neck)
Wands
 k - a wand of lightning (0/15)
 A - a wand of disintegration (9/24)
 C - a wand of disintegration (7/24)
 G - a wand of confusion (0/48)
 I - a wand of disintegration (10/24)
 J - a wand of flame (4/48)
 L - a wand of scattershot (2/9)
 Q - a wand of disintegration (9/24)
 W - a wand of lightning (0/15)
 X - a wand of lightning (6/15)
 Y - a wand of iceblast (8/15)
 Z - a wand of paralysis (13/24)
Scrolls
 e - 5 scrolls of immolation
 i - 2 scrolls of blinking
 p - a scroll of fear
 q - 2 scrolls of magic mapping
 s - 4 scrolls of enchant weapon
 w - 8 scrolls of remove curse
 z - 2 scrolls of fog
 B - 6 scrolls of teleportation
Potions
 a - a potion of resistance {unknown}
 b - a potion of curing
 j - 3 potions of magic
 t - 2 potions of lignification
 u - 5 potions of brilliance
 E - 3 potions of flight {unknown}
 K - 2 potions of agility
 O - a potion of haste
 P - a potion of mutation
Miscellaneous
 v - a phial of floods
 F - a lightning rod (4/4)
Comestibles
 f - 11 bread rations
 g - 6 meat rations
 h - 35 fruits
 U - 13 royal jellies


   Skills:
 * Level 16.7 Fighting
 * Level 16.5 Polearms
 - Level 4.5 Throwing
 - Level 6.0 Armour
 + Level 8.3 Dodging
   Level 3.6 Shields
 + Level 4.0 Evocations


You had 12 spell levels left.
You didn't know any spells.

Dungeon Overview and Level Annotations

Branches:
Dungeon (10/15)            Temple (1/1) D:6            Lair (5/6) D:9
 Shoals (0/4) Lair:3       Spider (0/4) Lair:3          Orc (0/2) D:9
  Slime: Lair:5-6

Altars:
Ashenzari
Cheibriados
Dithmenos
Elyvilon
Fedhas
Gozag
Hepliaklqana
Kikubaaqudgha
Makhleb
Nemelex Xobeh
Okawaru
Qazlal
Ru
Sif Muna
Trog
Uskayaw
Vehumet
Wu Jian
Xom
Yredelemnul
Zin
The Shining One

Shops:
D:6 ?


Innate Abilities, Weirdness & Mutations

((You reflexively headbutt those who attack you in melee.))
((You have a pair of horns on your head.))
You possess an exceptional clarity of mind.
((Armour fits poorly on your strangely shaped body.))
You are dopey. (Int -2)


Message History

The freezing wraith is lightly damaged.
This wand has 4 charges left.
The freezing wraith hits you.
* * * LOW HITPOINT WARNING * * *
The freezing wraith freezes you!
* * * LOW HITPOINT WARNING * * *
The freezing wraith hits you but does no damage. x2
The freezing wraith hits you.
* * * LOW HITPOINT WARNING * * *
The freezing wraith drains your vigour!
You feel as though you will be slow longer.
It was a potion of mutation.
You feel extremely strange.
Your body twists and deforms.
You feel stupid.
Your thoughts seem clearer.
The freezing wraith hits you but does no damage. x2
Quiver which item? (- for none, * to show all) (? for menu, Esc to quit)
Okay, then.
It was a potion of haste.
You feel yourself speed up. The freezing wraith hits you.
* * * LOW HITPOINT WARNING * * *
The freezing wraith freezes you!!
You die...

##...#
####.............#
#...#
##...............##
#..###
##....###........##
#....## #...###
###...#### ##.§.W##
#..## #####
###...###...#
##...###..##
##...###..##
##...###W♣##
###.......#
###....## ######


You could see a freezing wraith.

Vanquished Creatures
  A minotaur (Lab)
  Josephine (D:10)
  2 hydras
  2 two-headed ogres
  Pikel (D:9)
  An oklob plant (Lair:1)
  A wolf spider (D:10)
  The ghost of isock the Fighter, a novice GnWn (D:4)
  Maurice (D:9)
  4 elephants (Lair:3)
  7 spiny frogs
  A black mamba (Lair:3)
  Joseph (D:10)
  A torpor snail (Lair:5)
  The ghost of Letos the Slasher, a novice DsMo (D:5)
  A rime drake (Lair:2)
  5 komodo dragons
  3 freezing wraiths (IceCv)
  A queen bee (D:9)
  2 trolls
  Grinder (D:3)
  5 dream sheep (Lair:4)
  8 blink frogs
  A snapping turtle (Lair:3)
  3 hippogriffs
  5 wraiths
  A wyvern (Lair:4)
  25 yaks
  4 hogs (D:7)
  A human (D:7)
  2 shadows (Lab)
  3 hungry ghosts
  4 swamp worms (Lair:2)
  10 water moccasins
  4 porcupines
  15 ice beasts
  2 black bears
  3 orc warriors (D:6)
  A sky beast (D:5)
  5 ogres
  A phantom (D:5)
  A slave (D:9)
  33 wolves
  4 crocodiles
  2 centaurs
  A big kobold (D:7)
  11 bullfrogs
  A gnoll sergeant (D:9)
  2 water moccasin zombies (Ossuary)
  3 scorpions
  24 killer bees
  2 elephant simulacra (IceCv)
  14 wights
  2 howler monkeys (D:5)
  6 electric eels
  2 jellies
  3 hounds
  2 bullfrog zombies
  Crazy Yiuf (D:2)
  6 orc wizards
  A bullfrog skeleton (D:7)
  A gnoll shaman (D:4)
  Jessica (D:2)
  2 iguanas
  7 hell rats (Lair:3)
  A polar bear simulacrum (IceCv)
  6 worker ants
  A wolf simulacrum (IceCv)
  6 big kobold zombies (Ossuary)
  2 hound zombies
  A hound skeleton (D:6)
  2 mummies (Ossuary)
  A worker ant zombie (D:7)
  Robin (D:2)
  5 gnolls
  11 adders
  2 shadow imps
  5 white imps (IceCv)
  An ooze (D:9)
  12 adder zombies
  2 adder skeletons
  17 worms
  3 dart slugs
  5 leopard geckos
  35 orcs
  2 ball pythons
  6 bats
  6 giant cockroaches
  11 goblins
  10 hobgoblins
  22 jackals
  9 kobolds
  4 quokkas
  3 frilled lizards
  3 gnoll zombies (Ossuary)
  3 hobgoblin zombies (Ossuary)
  3 kobold zombies (Ossuary)
  5 orc zombies (Ossuary)
  A quokka skeleton (D:6)
  7 rats
  2 plants
490 creatures vanquished.

Vanquished Creatures (others)
  2 slaves (D:9)
  A jelly (D:5)
  2 orc wizards (D:9)
  2 orcs (D:9)
  4 fungi
  3 plants
14 creatures vanquished.

Grand Total: 504 creatures vanquished

Notes
Turn   | Place    | Note
-------+----------+-------------------------------------------
     0 | D:1      | CanOfBees the Minotaur Fighter began the quest for the Orb.
     0 | D:1      | Reached XP level 1. HP: 19/19 MP: 0/0
    76 | D:1      | Reached skill level 1 in Dodging
   148 | D:1      | Reached XP level 2. HP: 27/27 MP: 1/1
   758 | D:2      | Reached XP level 3. HP: 33/33 MP: 2/2
   821 | D:2      | Noticed Jessica
   826 | D:2      | Killed Jessica
   868 | D:2      | Reached XP level 4. HP: 41/41 MP: 3/3
   954 | D:2      | Noticed Robin
   974 | D:2      | Found a runed door.
   992 | D:2      | Killed Robin
  1447 | D:2      | Noticed Crazy Yiuf
  1457 | D:2      | Killed Crazy Yiuf
  1591 | D:3      | Reached skill level 5 in Fighting
  1591 | D:3      | Reached XP level 5. HP: 48/48 MP: 4/4
  1834 | D:3      | Learned a level 1 spell: Animate Skeleton
  2430 | D:3      | Noticed Grinder
  2435 | D:3      | Paralysed by Grinder for 6 turns
  2462 | D:3      | Killed Grinder
  2462 | D:3      | Reached skill level 5 in Polearms
  2462 | D:3      | Reached skill level 1 in Throwing
  2462 | D:3      | Reached XP level 6. HP: 34/57 MP: 5/5
  3098 | D:4      | Reached XP level 7. HP: 62/63 MP: 6/6
  3211 | D:4      | Noticed isock's ghost (novice GnWn)
  3229 | D:4      | Killed isock's ghost
  3279 | D:4      | You fall through a shaft!
  3279 | D:5      | Entered Level 5 of the Dungeon
  3421 | D:5      | Noticed Letos's ghost (novice DsMo)
  3444 | D:5      | Killed Letos's ghost
  3444 | D:5      | Reached XP level 8. HP: 42/74 MP: 7/7
  5170 | D:5      | Found a blossoming altar of Fedhas.
  5173 | D:5      | Found an ancient bone altar of Kikubaaqudgha.
  5222 | D:5      | Found a shimmering altar of Xom.
  5223 | D:5      | Found a glowing silver altar of Zin.
  5223 | D:5      | Noticed an angel
  5499 | D:6      | Found Wourgh's Magic Scroll Shop.
  5508 | D:6      | Bought a scroll of magic mapping for 49 gold pieces
  5508 | D:6      | Bought a scroll of noise for 14 gold pieces
  5611 | D:6      | Found a sand-covered staircase.
  5615 | Ossuary  | Entered an ossuary
  6158 | D:6      | Reached XP level 9. HP: 81/83 MP: 8/8
  6209 | D:6      | Found a staircase to the Ecumenical Temple.
  6227 | Temple   | Entered the Ecumenical Temple
  6572 | Temple   | Became a worshipper of the Wu Jian Council
  7356 | D:6      | Bought a scroll of identify for 28 gold pieces
  7356 | D:6      | Bought a scroll of identify for 28 gold pieces
  7520 | D:6      | Reached skill level 10 in Fighting
  7871 | D:7      | Reached * piety under Wu Jian
  7871 | D:7      | Reached skill level 5 in Armour
  8024 | D:7      | Reached skill level 10 in Polearms
  8916 | D:8      | Reached XP level 10. HP: 95/95 MP: 9/9
  9015 | D:8      | Found a stormy altar of Qazlal.
  9268 | D:8      | Noticed a two-headed ogre
  9280 | D:8      | Killed a two-headed ogre
 10066 | D:8      | Reached ** piety under Wu Jian
 10486 | D:9      | Found a staircase to the Orcish Mines.
 10490 | D:9      | Noticed Pikel
 11063 | D:9      | Killed Pikel
 11894 | D:9      | Found a staircase to the Lair.
 11967 | D:9      | Found a snail-covered altar of Cheibriados.
 11968 | D:9      | Found a hide-covered altar of Uskayaw.
 11970 | D:9      | Found a radiant altar of Vehumet.
 11971 | D:9      | Found a hazy altar of Hepliaklqana.
 11972 | D:9      | Found a burning altar of Makhleb.
 11972 | D:9      | Found an opulent altar of Gozag.
 11972 | D:9      | Found a stormy altar of Qazlal.
 11973 | D:9      | Found a white marble altar of Elyvilon.
 12006 | D:9      | Noticed Maurice
 12018 | D:9      | Killed Maurice
 12721 | D:8      | Reached XP level 11. HP: 57/107 MP: 10/10
 12991 | D:9      | Reached *** piety under Wu Jian
 13374 | D:9      | Found an iron altar of Okawaru.
 13507 | D:9      | Found a sparkling altar of Nemelex Xobeh.
 13615 | Lair:1   | Entered Level 1 of the Lair of Beasts
 13646 | D:10     | Entered Level 10 of the Dungeon
 13797 | D:10     | Noticed a two-headed ogre
 13843 | D:10     | Noticed Joseph
 13862 | D:10     | Killed Joseph
 14678 | D:10     | Killed a two-headed ogre
 14797 | D:10     | Noticed a wolf spider
 14806 | D:10     | Killed a wolf spider
 15716 | D:10     | Reached skill level 5 in Dodging
 15722 | D:10     | Noticed Josephine
 15836 | D:10     | Killed Josephine
 16333 | D:10     | Found the +10 dark maul {crush}
 16736 | Lair:1   | Reached **** piety under Wu Jian
 17021 | Lair:1   | Reached XP level 12. HP: 94/118 MP: 11/11
 17618 | Lair:1   | Reached skill level 15 in Fighting
 17932 | Lair:1   | Noticed an eight-headed hydra
 17986 | Lair:1   | Killed an eight-headed hydra
 18393 | Lair:1   | Reached skill level 15 in Polearms
 19000 | Lair:2   | Reached skill level 1 in Evocations
 20784 | Lair:3   | Noticed a six-headed hydra
 20818 | Lair:3   | Found a labyrinth entrance.
 20828 | Lab      | Entered a labyrinth
 20973 | Lab      | Noticed a minotaur
 20984 | Lab      | Killed a minotaur
 20992 | Lab      | Got a pitted golden amulet
 21061 | Lab      | Identified the amulet of Nobility {Spirit rF+} (You found it in a labyrinth)
 21071 | Lab      | Got a pair of scorched boots
 21073 | Lab      | Identified the cursed +0 pair of boots "Keoc" {*Drain Str+6} (You found it in a labyrinth)
 21099 | Lab      | Got a dazzling short sword
 21101 | Lab      | Identified the +10 short sword of Blood-Lust {flame, rPois Str-2 Dex+5 Stlth+} (You found it in a labyrinth)
 21585 | Lair:3   | Found a hole to the Spider Nest.
 21609 | Lair:2   | Killed a six-headed hydra
 21893 | Lair:3   | Reached ***** piety under Wu Jian
 22134 | Lair:3   | Reached XP level 13. HP: 72/128 MP: 14/14
 22425 | Lair:3   | Found a staircase to the Shoals.
 24719 | Lair:5   | Found a frozen archway.
 24808 | IceCv    | Entered an ice cave
 25509 | IceCv    | HP: 8/195 [freezing wraith (9)]
 25510 | IceCv    | Gained mutation: Armour fits poorly on your strangely shaped body. [potion of mutation]
 25510 | IceCv    | Gained mutation: You are dopey. (Int -2) [potion of mutation]
 25510 | IceCv    | Gained mutation: You possess an exceptional clarity of mind. [potion of mutation]
 25511 | IceCv    | Demolished by a freezing wraith

Vault maps used:
D:1:      sevenhm_arrival_forest_fort_small_5
D:2:      uniq_robin, uniq_jessica, uniq_crazy_yiuf_cottage
D:3:      uniq_grinder
D:4:      first_bread, kennysheep_opposing_triangles
D:5:      grunt_temple_overflow_growth_and_decay,
          grunt_temple_overflow_order_and_chaos_1
D:6:      minmay_klotski, minmay_temple_entry_mist, serial_shops,
          nicolae_shop_temple_entry_statues_fountains,
          nicolae_ossuary_entry_false_entrances
D:7:      grunt_livestock
D:8:      nicolae_qazlal_eye_of_the_storm
D:9:      statuecave_lemuel, lemuel_crystal_altar, grunt_temple_overflow_open,
          lair_entry_dummy, orc_0_dummy, special_room,
          nemelex_dance_club_becter, uniq_maurice, uniq_pikel
D:10:     kennysheep_just_a_vault, uniq_josephine, uniq_joseph
Temple:   compressed_dpeg_triangle_lava_temple
Lair:1:   grunt_forest_large_clearings, minmay_lair_oklob_chamber,
          infiniplex_staircase_pool
Lair:2:   worms_lemuel, lemuel_fruit_fields, lemuel_fruit_tree,
          grunt_megastairs_4
Lair:3:   minmay_shoals_entry_hut, spider_nest_entry_web_field,
          lab_entry_generic, serial_bayou_shore_b
Lair:4:   st_stairs_12, minivault_11
Lair:5:   portal_ice_cave_entry_ice_beasts
Lab:      labyrinth_hidden_loot, nicolae_lab_very_dead_end
Ossuary:  ossuary_tomb_2
IceCv:    ice_cave_small_necro

Skill      XL: |  1  2  3  4  5  6  7  8  9 10 11 12 13 |
---------------+----------------------------------------+-----
Dodging        | 1 2 3 6 7 8 |  8.3
Fighting       | 4 5 6 7 9 11 13 14 16 | 16.7
Polearms       | 3 4 5 7 9 10 12 14 15 16 | 16.5
Throwing       | 1 3 4 |  4.5
Armour         | 4 5 6 |  6.0
Evocations     | 3 4 |  4.0
Shields        | |  3.6

Action                   |  1- 3 |  4- 6 |  7- 9 | 10-12 | 13-15 || total
-------------------------+-------+-------+-------+-------+-------++-------
Melee: Trident           |    64 |   218 |   273 |   123 |       ||   678
       Headbutt          |     5 |    42 |    87 |   113 |    40 ||   287
       Mace              |       |       |    15 |    10 |       ||    25
       Glaive            |       |       |   103 |   537 |   195 ||   835
 Fire: Hunting sling     |     5 |     2 |     1 |       |       ||     8
       Blowgun           |       |       |    20 |    36 |       ||    56
Throw: Stone             |       |     4 |       |       |       ||     4
       Tomahawk          |       |     3 |    28 |   106 |    13 ||   150
       Throwing net      |       |       |       |     6 |       ||     6
Invok: Heavenly Storm    |       |       |       |       |     1 ||     1
Evoke: Wand              |       |       |     5 |    18 |    10 ||    33
  Use: Potion            |       |       |     4 |    10 |     8 ||    22
       Scroll            |       |       |     9 |    20 |     7 ||    36
 Stab: Invisible         |       |       |     2 |     1 |       ||     3
       Confused          |       |       |     1 |     3 |       ||     4
  Eat: Chunk             |       |     7 |    16 |    32 |     9 ||    64
       Royal jelly       |       |       |     2 |     7 |     1 ||    10
       Fruit             |       |       |     1 |     3 |     1 ||     5
Armor: Scale mail        |    18 |    87 |    77 |       |       ||   182
       Chain mail        |       |       |    57 |   283 |    67 ||   407
       Skin              |       |       |       |       |     5 ||     5
Dodge: Dodged            |     9 |    66 |   133 |   285 |    97 ||   590
Block: Shield            |    34 |   110 |   132 |       |       ||   276
       Other             |       |       |       |    27 |       ||    27

Table legend:
 A = Spawn XP
 B = Non-spawn XP
 C = Spawn XP percentage of total XP
 D = Spawn monster count
 E = Non-spawn monster count
 F = Spawn count percentage of total count
 G = Total turns spent on level
                    A         B        C        D         E        F      G
               +---------+---------+-------+---------+---------+-------+---------
         Total |       0 |   49549 |   0.0 |       0 |     487 |   0.0 | 25511
               +---------+---------+-------+---------+---------+-------+---------
           D:1 |       0 |      37 |   0.0 |       0 |      20 |   0.0 |   731
           D:2 |       0 |     150 |   0.0 |       0 |      24 |   0.0 |   822
           D:3 |       0 |     433 |   0.0 |       0 |      40 |   0.0 |  1309
           D:4 |       0 |     852 |   0.0 |       0 |      31 |   0.0 |  1507
           D:5 |       0 |     905 |   0.0 |       0 |      19 |   0.0 |  1181
           D:6 |       0 |    1077 |   0.0 |       0 |      25 |   0.0 |  1412
           D:7 |       0 |    1624 |   0.0 |       0 |      25 |   0.0 |  1045
           D:8 |       0 |    2824 |   0.0 |       0 |      30 |   0.0 |  3011
           D:9 |       0 |    4390 |   0.0 |       0 |      45 |   0.0 |  2737
          D:10 |       0 |    5470 |   0.0 |       0 |      23 |   0.0 |  1814
        Lair:1 |       0 |    8848 |   0.0 |       0 |      51 |   0.0 |  2504
        Lair:2 |       0 |    5880 |   0.0 |       0 |      36 |   0.0 |  2348
        Lair:3 |       0 |    5049 |   0.0 |       0 |      26 |   0.0 |  1974
        Lair:4 |       0 |    5177 |   0.0 |       0 |      22 |   0.0 |  1073
        Lair:5 |       0 |    2945 |   0.0 |       0 |      17 |   0.0 |   202
           Lab |       0 |    1529 |   0.0 |       0 |       3 |   0.0 |   298
       Ossuary |       0 |     416 |   0.0 |       0 |      33 |   0.0 |   479
         IceCv |       0 |    1943 |   0.0 |       0 |      17 |   0.0 |   703
               +---------+---------+-------+---------+---------+-------+---------
